 Dungeon Crawl Stone Soup version 0.28.0 (webtiles) character file.

Game seed: 17527969400598810169

2 Dvallin the Sneak (level 1, -12/18 HPs)
             Began as a Formicid Delver on Feb 16, 2022.
             Mangled by an iguana (13 damage)
             ... on level 5 of the Dungeon.
             The game lasted 00:00:21 (54 turns).

Dvallin the Sneak (Formicid Delver)                   Turns: 54, Time: 00:00:21

Health: -12/18     AC:  3    Str: 16    XL:     1   Next: 44%
Magic:  1/1        EV: 11    Int:  9    God:
Gold:   0          SH:  0    Dex: 12    Spells: 0/0 levels left

rFire   . . .      SeeInvis +   a - +0 mace
rCold   . . .      Faith    .   (no shield)
rNeg    . . .      Spirit   .   b - +0 leather armour
rPois   .          Reflect  .   (helmet unavailable)
rElec   .          Harm     .   (no cloak)
rCorr   .          Rampage  .   (no gloves)
Will    .....                   (no boots)
Stlth   +++.......              (no amulet)
HPRegen 0.06/turn               (no ring)
MPRegen 0.07/turn               (no ring)

@: no status effects
A: permanent stasis, dig shafts and tunnels, antennae 3, four strong arms
a: Dig, Shaft Self


You were on level 5 of the Dungeon.
You visited 1 branch of the dungeon, and saw 1 of its levels.

Inventory:

Hand Weapons
 a - a +0 mace (weapon)
Armour
 b - a +0 leather armour (worn)
Wands
 f - a wand of digging (3)
Scrolls
 c - a scroll of fog
 e - a scroll of fear


   Skills:
 + Level 3.3 Fighting
 + Level 2.0 Maces & Flails
 + Level 1.8 Dodging
 + Level 6.0 Stealth


You couldn't memorise any spells.
You didn't know any spells.
Your spell library was empty.

Dungeon Overview and Level Annotations

Branches:
Dungeon (5/15)
 Temple: D:4-7

Altars:


Innate Abilities, Weirdness & Mutations

You cannot be hasted, slowed, berserked, paralysed or teleported.
You can dig through walls and to a lower floor.
You have a pair of large antennae on your head. (SInv)
Your four strong arms can wield two-handed weapons with a shield.


Message History

Press ? for a list of commands and other information.
Found a stone staircase leading down.
As you read the scroll of magic mapping, it crumbles to dust.
You feel aware of your surroundings.
You sensed 1 altar, and 1 shop/portal.
There is a stone staircase leading down here.
Found 15 gold pieces.
Found a chain mail.
You see here a +0 chain mail.
Found a trident.
A dart slug comes into view.
You sock the dart slug!
The dart slug is severely wounded.
The dart slug launches a dart at you. The slug dart hits you.
You hit the dart slug.
The dart slug is almost dead.
The dart slug bites you but does no damage.
You hit the dart slug.
You kill the dart slug!
Things that are here:
a +0 trident; a dart slug corpse An iguana comes into view.
The iguana bites you!
Ouch! That really hurt!
You hit the iguana but do no damage. The iguana completely misses you.
The iguana bites you.
* * * LOW HITPOINT WARNING * * *
You hit the iguana. You punch the iguana, but do no damage.
The iguana is moderately wounded.
The iguana barely misses you.
You hit the iguana but do no damage.
The iguana is moderately wounded.
The iguana bites you.
* * * LOW HITPOINT WARNING * * *
You hear the slow rusting of a drain nearby.
You sock the iguana!
The iguana is severely wounded.
The iguana completely misses you. The iguana bites you!
Ouch! That really hurt!
You die...

*,,,,_,,..* *,,,,,,,,,*,**,,,*
**,*,,,,,#.####**,,,,,,,**,****,*
,,,*,,,,,#....# **,,,,,***,* *,*
,,,***,***#.#.# **,,,** *,* *,*
**,,,,,,* #...######.###**,****,*
**,,,*,,**#.#..........,,,,,,,,,*
,,,,,**,,...#.#######.#***,******
**,,****#.###.#######.# *,*
,,,,,,* #.* #..l@.....# *,*
**,**,* #,* ########..# *,***
**,**,* *,* #).# *,,,*
**,**,***,* #..# ***,*
,>,,<,,,,,* #..# *,*
,,,**,*****#########..# *,*
**,**,* #..........# *,* **,**,*
#.####.##### *,* **,**,* #.# #.#
*,*


You could see an iguana.

Vanquished Creatures
  A dart slug (D:5)
1 creature vanquished.

Notes
Turn   | Place    | Note
-------+----------+-------------------------------------------
     0 | D:5      | Dvallin the Formicid Delver began the quest for the Orb.
     0 | D:5      | Reached XP level 1. HP: 18/18 MP: 1/1
    42 | D:5      | Noticed an iguana
    54 | D:5      | Mangled by an iguana

Illustrated notes

Levels and vault maps discovered:
D:5:      layout_loops_ring, nicolae_kikubaaqudgha_miasma_corner,
          portal_sewer_entry_b

Action                   || total
-------------------------++-------
Melee: Mace              ||     7
       Punch             ||     1
  Use: Scroll            ||     1
Armor: Leather armour    ||     1
Dodge: Dodged            ||     3
